 Dungeon Crawl Stone Soup version 0.29.0-11-gd7f09526c8 (webtiles) character file.

Game seed: 5189816271747453620

21 Ordine the Shield-Bearer (level 2, -1/19 HPs)
             Began as a Gargoyle Fighter on Sept 6, 2022.
             Slain by a dart slug (3 damage)
             ... on level 1 of the Dungeon.
             The game lasted 00:01:35 (785 turns).

Ordine the Shield-Bearer (Gargoyle Fighter)          Turns: 785, Time: 00:01:35

Health: -1/19      AC:  9    Str: 19    XL:     2   Next: 83%
Magic:  2/2        EV:  9    Int:  8    God:
Gold:   27         SH:  4    Dex:  9    Spells: 1/1 levels left

rFire   . . .      SeeInvis .   a - +0 flail
rCold   . . .      Faith    .   c - +0 buckler
rNeg    + . .      Spirit   .   b - +0 scale mail
rPois   ∞          Reflect  .   (no helmet)
rElec   +          Harm     .   (no cloak)
rCorr   .          Rampage  .   (no gloves)
Will    .....                   (no boots)
Stlth   ..........              (no amulet)
HPRegen 0.06/turn               (no ring)
MPRegen 0.08/turn               (no ring)

@: no status effects
A: sickness immunity, AC +2, negative energy resistance 1, electricity
resistance, torment resistance 1, petrification resistance
a: no special abilities


You were on level 1 of the Dungeon.
You visited 1 branch of the dungeon, and saw 1 of its levels.

You collected 27 gold pieces.

Inventory:

Hand Weapons
 a - a +0 flail (weapon)
Missiles
 e - 3 javelins
 f - 15 stones (quivered)
Armour
 b - a +0 scale mail (worn)
 c - a +0 buckler (worn)
Scrolls
 h - a scroll of identify {unknown}
Potions
 d - a potion of might
 g - a potion of berserk rage {unknown}
 i - a potion of curing {unknown}


   Skills:
 + Level 3.5 Fighting
 * Level 2.7 Maces & Flails
 - Level 3.2 Armour
 + Level 3.5 Shields


You had one spell level left.
You didn't know any spells.
Your spell library was empty.

Dungeon Overview and Level Annotations

Branches:
Dungeon (1/15)

Altars:


Innate Abilities, Weirdness & Mutations

You are immune to sickness and miasma.
Your stone body is resilient. (AC +2)
You are immune to poison.
You resist negative energy. (rN+)
You are resistant to electric shocks. (rElec)
You are resistant to unholy torment.
You are immune to petrification.


Message History

You hit the giant cockroach.
You kill the giant cockroach!
The quokka closely misses you. x2
You closely miss the quokka. The quokka closely misses you.
You block the quokka's attack. The quokka closely misses you.
The quokka barely misses you.
You completely miss the quokka.
The quokka bites you but does no damage.
You block the quokka's attack.
The quokka bites you but does no damage.
You completely miss the quokka.
The quokka bites you but does no damage.
The quokka closely misses you.
The quokka bites you but does no damage.
You closely miss the quokka. The quokka barely misses you.
You block the quokka's attack. The quokka barely misses you.
You thump the quokka!
You kill the quokka!
The quokka bites you.
You are too injured to fight recklessly!
You are too injured to fight recklessly!
You are too injured to fight recklessly!
You are too injured to fight recklessly!
You closely miss the quokka. The quokka bites you.
* * * LOW HITPOINT WARNING * * *
The dart slug bites you but does no damage.
You block the quokka's attack.
You barely miss the quokka.
The quokka twitches its whiskers.
The quokka barely misses you. You block the dart slug's attack.
The quokka closely misses you.
You hit the quokka.
The quokka is moderately wounded.
The quokka barely misses you. The dart slug barely misses you.
You completely miss the quokka. The quokka misses you.
The dart slug closely misses you. The quokka closely misses you.
You hit the quokka but do no damage. The quokka bites you.
* * * LOW HITPOINT WARNING * * *
The dart slug bites you.
You die...

#.....#..........
#.....#..........
#.....#..........
#.....#..........
#.....#..........
#.....#.........†
#.....#########..
######.....#########..
#....@................
#...wr.###........)...
#......# ............
#......# ............
#......# ............
#......# ############
#......# #......#


You could see a dart slug and a quokka.

Vanquished Creatures
  A bat (D:1)
  An endoplasm (D:1)
  2 giant cockroaches (D:1)
  A goblin (D:1)
  4 jackals (D:1)
  2 kobolds (D:1)
  2 quokkas (D:1)
  A ball python (D:1)
  A frilled lizard (D:1)
  2 rats (D:1)
17 creatures vanquished.

Notes
Turn   | Place    | Note
-------+----------+-------------------------------------------
     0 | D:1      | Ordine the Gargoyle Fighter began the quest for the Orb.
     0 | D:1      | Reached XP level 1. HP: 14/14 MP: 1/1
   334 | D:1      | Reached XP level 2. HP: 17/19 MP: 2/2
   785 | D:1      | Slain by a dart slug

Illustrated notes

Levels and vault maps discovered:
D:1:      eino_arrival_tree_alley, layout_basic

Action                   || total
-------------------------++-------
Melee: Flail             ||    65
Armor: Scale mail        ||    50
Dodge: Dodged            ||    49
Block: Buckler           ||    18
